 Dungeon Crawl Stone Soup version 0.25-b1-23-ge2ad7d536c (webtiles) character file.

Game seed: 11598451246193507752, levelgen mode: deterministic

289 grindst0ne the Covered (level 6, 0/42 HPs)
             Began as a Gnoll Wanderer on June 3, 2020.
             Succumbed to an orc's poison
             ... on level 2 of the Dungeon.
             The game lasted 00:07:56 (3563 turns).

grindst0ne the Covered (Gnoll Wanderer)             Turns: 3563, Time: 00:07:57

Health: 0/42       AC: 11    Str: 12 (15) XL:     6   Next: 31%
Magic:  11/11      EV:  6    Int: 17 (19) God:
Gold:   97         SH:  0    Dex: 16 (17) Spells: 11/11 levels left

rFire    . . .     SeeInvis .   w - +1 dagger (speed)
rCold    . . .     Gourm    .   (no shield)
rNeg     . . .     Faith    .   B - +0 chain mail
rPois    .         Spirit   .   (no helmet)
rElec    .         Reflect  .   o - +0 cloak
rCorr    .         Harm     .   (no gloves)
MR       .....                  (no boots)
Stlth    ..........             (no amulet)
HPRegen  0.14/turn              t - +6 ring of intelligence
MPRegen  0.12/turn              (no ring)

@: mighty, brilliant, lethally poisoned (0 -> -2), stab, hasted, very quick
A: distributed training, fangs 1, camouflage 1, frail 1, mutation resistance 1,
strong nose
a: no special abilities


You were on level 2 of the Dungeon.
You were hungry.

You visited 1 branch of the dungeon, and saw 3 of its levels.

You collected 97 gold pieces.

Inventory:

Hand Weapons
 b - a +0 hand crossbow
 w - a +1 dagger of speed (weapon)
Missiles
 c - 4 curare-tipped darts
 d - 24 bolts
 e - 9 poisoned darts (quivered)
Armour
 o - a +0 cloak (worn)
 B - a +0 chain mail (worn)
Jewellery
 i - an uncursed ring of magical power
 t - a +6 ring of intelligence (left hand)
Wands
 a - a wand of digging (6)
 g - a wand of paralysis (9)
Scrolls
 h - a scroll of immolation {unknown}
 j - a scroll of amnesia {unknown}
 k - a scroll of teleportation {unknown}
 r - a scroll of blinking {unknown}
 u - a scroll of remove curse {unknown}
 v - a scroll of enchant weapon {unknown}
 y - a scroll of fog {unknown}
Comestibles
 f - 4 rations
 m - 5 chunks of flesh


   Skills:
 + Level 3.2 Fighting
 + Level 1.8 Short Blades
 + Level 1.8 Long Blades
 + Level 1.8 Axes
 + Level 1.8 Maces & Flails
 + Level 1.8 Polearms
 + Level 1.8 Staves
 + Level 1.8 Slings
 + Level 1.8 Bows
 + Level 3.2 Crossbows
 + Level 3.2 Throwing
 + Level 6.8 Armour
 + Level 1.8 Dodging
 + Level 1.8 Stealth
 + Level 3.2 Shields
 + Level 1.8 Unarmed Combat
 + Level 3.3 Spellcasting
 + Level 1.4 Conjurations
 + Level 1.4 Hexes
 + Level 1.4 Charms
 + Level 1.4 Summonings
 + Level 1.4 Necromancy
 + Level 1.4 Translocations
 + Level 2.6 Transmutations
 + Level 2.6 Fire Magic
 + Level 1.4 Ice Magic
 + Level 1.4 Air Magic
 + Level 1.4 Earth Magic
 + Level 1.4 Poison Magic
 + Level 2.0 Invocations
 + Level 1.8 Evocations


You had 11 spell levels left.
You didn't know any spells.
Your spell library was empty.

Dungeon Overview and Level Annotations

Branches:
Dungeon (3/15)

Altars:
Wu Jian


Innate Abilities, Weirdness & Mutations

Your experience applies equally to all skills.
You have very sharp teeth.
Your uncanny sense of smell can sniff out nearby items.
Your skin changes colour to match your surroundings (Stealth+).
You are frail. (-10% HP)
You are somewhat resistant to further mutation.


Message History

You aren't carrying any potions.
Items here: ( ) [ † a +0 short sword of venom; 4 boomerangs; a +0 leather armour; an orc corpse You butcher the orc corpse.
Items here: % ( ) [ ÷ a +0 short sword of venom; 4 boomerangs; a +0 leather armour; a chunk of flesh an orc skeleton
Things that are here:
a +0 dagger; a +0 robe; an orc corpse You butcher the orc corpse.
* * * LOW HITPOINT WARNING * * *
You feel sick.
Items here: % ) [ ÷ a +0 dagger; a +0 robe; 2 chunks of flesh; an orc skeleton
Items here: )) [ ÷÷ a +0 leather armour; a +0 dagger; a +0 falchion; an orc skeleton x2
There is a stone staircase leading down here.
Things that are here:
a +0 robe; a +0 dagger You die...

##.....#.#.#......#
#...........
###....#.#.#÷PP.÷P#
#####.###... #
#######.##......# #.#
#..# ######
########### #.# #..#
.#.#.##### ### #.#
#..# ....)....# #.#
#.###.## .#.#.###.#
#.# #....... ....##
#.#### #.# #####.##
...## #....# #@# #.##
...# ##....####.#
###...
#..####.......##[#
#....(
#...............>#
#.###.
#.............##[#####
#)# #.
............####))...#
#.###. #########...#
#####.# #..... ###.#
#.# ####.. #.# #.#
#...


There were no monsters in sight!

Vanquished Creatures
  2 jellies (D:2)
  3 orc wizards
  A gnoll (D:1)
  2 adders (D:2)
  11 oozes
  3 worms (D:2)
  2 dart slugs
  3 orcs (D:2)
  2 giant cockroaches (D:1)
  6 goblins
  5 hobgoblins
  7 jackals (D:1)
  3 ball pythons
  6 bats
  2 frilled lizards (D:2)
  12 kobolds
  9 rats
79 creatures vanquished.

Vanquished Creatures (others)
  2 fungi (D:2)
  5 toadstools (D:2)
7 creatures vanquished.

Grand Total: 86 creatures vanquished

Notes
Turn   | Place    | Note
-------+----------+-------------------------------------------
     0 | D:1      | grindst0ne the Gnoll Wanderer began the quest for the Orb.
     0 | D:1      | grindst0ne set off with the following items: a +2 dagger, 4
                  | curare-tipped darts, a +0 hand crossbow, 24 bolts, a +0
                  | ring mail, a ration
     0 | D:1      | Reached XP level 1. HP: 17/17 MP: 4/4
     6 | D:1      | Noticed a queen ant
     6 | D:1      | Noticed a komodo dragon
     7 | D:1      | Noticed a centaur
    57 | D:1      | Reached XP level 2. HP: 16/23 MP: 5/5
   421 | D:1      | Reached XP level 3. HP: 9/28 MP: 7/7
   704 | D:1      | Reached skill level 1 in Invocations
  1047 | D:1      | Reached skill level 1 in Short Blades
  1047 | D:1      | Reached skill level 1 in Long Blades
  1047 | D:1      | Reached skill level 1 in Axes
  1047 | D:1      | Reached skill level 1 in Maces & Flails
  1047 | D:1      | Reached skill level 1 in Polearms
  1047 | D:1      | Reached skill level 1 in Staves
  1047 | D:1      | Reached skill level 1 in Slings
  1047 | D:1      | Reached skill level 1 in Bows
  1047 | D:1      | Reached skill level 1 in Dodging
  1047 | D:1      | Reached skill level 1 in Stealth
  1047 | D:1      | Reached skill level 1 in Unarmed Combat
  1047 | D:1      | Reached skill level 1 in Evocations
  1433 | D:2      | Reached XP level 4. HP: 31/34 MP: 8/8
  1614 | D:2      | Reached skill level 1 in Conjurations
  1614 | D:2      | Reached skill level 1 in Hexes
  1614 | D:2      | Reached skill level 1 in Charms
  1614 | D:2      | Reached skill level 1 in Summonings
  1614 | D:2      | Reached skill level 1 in Necromancy
  1614 | D:2      | Reached skill level 1 in Translocations
  1614 | D:2      | Reached skill level 1 in Ice Magic
  1614 | D:2      | Reached skill level 1 in Air Magic
  1614 | D:2      | Reached skill level 1 in Earth Magic
  1614 | D:2      | Reached skill level 1 in Poison Magic
  1636 | D:2      | Reached XP level 5. HP: 20/40 MP: 9/9
  2384 | D:2      | Found an ornate altar of the Wu Jian Council.
  3397 | D:2      | Reached XP level 6. HP: 40/47 MP: 10/10
  3548 | D:2      | Gained mutation: Your skin changes colour to match your
                  | surroundings (Stealth+). [potion of mutation]
  3548 | D:2      | Gained mutation: You are frail. (-10% HP) [potion of
                  | mutation]
  3548 | D:2      | Gained mutation: You are somewhat resistant to further
                  | mutation. [potion of mutation]
  3549 | D:2      | HP: 2/42 [poisoned by an orc]
  3554 | D:2      | HP: 2/42 [poisoned by an orc]
  3563 | D:2      | Succumbed to an orc's poison

Illustrated notes

Levels and vault maps discovered:
D:1:      onia_arrival_zoo_common, layout_rooms
D:2:      cheibrodos_fertilizer, layout_loops_ring, lemuel_doored_altar
D:3:      layout_rooms, first_ration

Skill      XL: |  1  2  3  4  5  6 |
---------------+-------------------+-----
Transmutations | 2 |  2.6
Fire Magic     | 2 |  2.6
Invocations    | 1 2 |  2.0
Short Blades   | 1 |  1.8
Long Blades    | 1 |  1.8
Axes           | 1 |  1.8
Maces & Flails | 1 |  1.8
Polearms       | 1 |  1.8
Staves         | 1 |  1.8
Slings         | 1 |  1.8
Bows           | 1 |  1.8
Dodging        | 1 |  1.8
Stealth        | 1 |  1.8
Unarmed Combat | 1 |  1.8
Evocations     | 1 |  1.8
Spellcasting   | 3 |  3.3
Conjurations   | 1 |  1.4
Hexes          | 1 |  1.4
Charms         | 1 |  1.4
Summonings     | 1 |  1.4
Necromancy     | 1 |  1.4
Translocations | 1 |  1.4
Ice Magic      | 1 |  1.4
Air Magic      | 1 |  1.4
Earth Magic    | 1 |  1.4
Poison Magic   | 1 |  1.4
Fighting       | 3 |  3.2
Crossbows      | 3 |  3.2
Throwing       | 3 |  3.2
Shields        | 3 |  3.2
Armour         | |  6.8

Action                   |  1- 3 |  4- 6 || total
-------------------------+-------+-------++-------
Melee: Dagger            |   172 |   280 ||   452
       Bite              |    17 |    39 ||    56
       Punch             |       |     5 ||     5
Throw: Dart              |       |     6 ||     6
  Use: Potion            |       |     8 ||     8
 Stab: Distracted        |     1 |       ||     1
       Sleeping          |       |     1 ||     1
  Eat: Chunk             |     2 |     6 ||     8
Armor: Ring mail         |   109 |    33 ||   142
       Chain mail        |       |    61 ||    61
Dodge: Dodged            |   136 |    91 ||   227
